 Dungeon Crawl Stone Soup version 0.19.5 (webtiles) character file.

504 McKennaii the Gusty (level 6, -2/38 HPs)
             Began as a High Elf Air Elementalist on Apr 23, 2017.
             Slain by an orc priest
             ... wielding a +0 club
              (4 damage)
             ... on level 4 of the Dungeon.
             The game lasted 00:09:41 (4011 turns).

McKennaii the Gusty (High Elf Air Elementalist)     Turns: 4011, Time: 00:09:41

Health: -2/38      AC:  4    Str:  7    XL:     6   Next: 96%
Magic:  5/14       EV: 13    Int: 22    God:
Gold:   195        SH:  0    Dex: 15    Spells: 3 memorised, 9 levels left

rFire  . . .     SeeInvis .     w - +0 falchion
rCold  . . .     Gourm    .     a - +0 robe
rNeg   . . .     Faith    .     (no shield)
rPois  .         Spirit   .     (no helmet)
rElec  .         Reflect  .     (no cloak)
rCorr  .         Harm     .     c - +0 pair of gloves
MR     .....                    d - +0 pair of boots
Stlth  ++........               (no amulet)
                                (no ring)
                                (no ring)

@: very slightly contaminated
A: no striking features
a: no special abilities


You were on level 4 of the Dungeon.
You were hungry.

You visited 1 branch of the dungeon, and saw 4 of its levels.

You collected 195 gold pieces.

Inventory:

Hand Weapons
 w - a +0 falchion (weapon)
Armour
 a - a +0 robe (worn)
 c - a +0 pair of gloves (worn)
 d - a +0 pair of boots (worn)
Jewellery
 u - an uncursed ring of protection from fire {unknown}
 z - an uncursed ring of ice {unknown}
Wands
 l - a wand of hasting (2/9)
Scrolls
 g - a scroll of noise {unknown}
 i - 2 scrolls of random uselessness {unknown}
 k - a scroll of amnesia {unknown}
 m - 3 scrolls of identify {unknown}
 n - 2 scrolls of teleportation {unknown}
 o - 2 scrolls of remove curse {unknown}
 r - a scroll of fear {unknown}
 x - a scroll of fog {unknown}
 y - a scroll of recharging {unknown}
Potions
 e - a potion of haste
 h - a potion of curing
 j - 3 potions of heal wounds
 q - a potion of brilliance {unknown}
 s - 2 potions of might {unknown}
 t - 2 potions of degeneration {unknown}
 v - a potion of invisibility {unknown}
Books
 b - a book of Air

   Spells                             Type                      Level
   a - Shock                          Conjuration/Air              1
   b - Swiftness                      Charms/Air                   2
   c - Repel Missiles                 Charms/Air                   2
   d - Static Discharge               Conjuration/Air              3
   e - Lightning Bolt                 Conjuration/Air              5
Comestibles
 f - a beef jerky
 p - 3 meat rations


   Skills:
 + Level 1.0 Fighting
 + Level 2.9 Dodging
 + Level 2.4 Stealth
 + Level 4.9 Spellcasting
 + Level 4.3 Conjurations
 + Level 6.0 Air Magic


You had 9 spell levels left.
You knew the following spells:

 Your Spells              Type           Power        Failure   Level  Hunger
a - Shock                 Conj/Air       ####         1%          1    None
b - Swiftness             Chrm/Air       ###.....     6%          2    None
c - Repel Missiles        Chrm/Air       ###...       6%          2    None


Dungeon Overview and Level Annotations

Branches:
Dungeon (4/15)
 Temple: D:4-7

Altars:
Makhleb
Uskayaw

Annotations:
D:2 Sigmund
D:3 Gabide's ghost, amateur NaHu


Message History

You are too injured to fight recklessly!
Casting: Shock
Confirm with . or Enter, or press ? or * to list all spells.
Aiming: Shock
Press: ? - help, Shift-Dir - straight line, f/p - orc priest
Aim: an orc priest, wearing a leather armour (almost dead)
The zap hits the orc priest.
You kill the orc priest!
Your Air Magic skill increases to level 6!
The zap misses the orc priest.
Unknown command.
Casting: Shock
Confirm with . or Enter, or press ? or * to list all spells.
Aiming: Shock
Press: ? - help, Shift-Dir - straight line, f - orc priest
Aim: an orc priest, wielding a club and wearing a chain mail The zap hits the orc priest.
The orc priest is heavily wounded.
The orc priest hits you with a club.
You die...

#####.#
..#8###.....#
..........###
######.#.#
###.#.#
#.....# ##
#.#.###
##...###.#.#
..
#...).o@...#
#.#
#....###.###
##...# .#.
#.# ...# #.#
# #># # #.#
#.# # .#
###..


You could see an orc priest.

Vanquished Creatures
  An ogre (D:4)
  A scorpion (D:4)
  2 orc priests (D:4)
  Jessica (D:2)
  Natasha (twice) (D:2)
  Terence (D:1)
  3 gnolls (D:2)
  6 adders
  2 oozes (D:1)
  5 worms
  2 dart slugs (D:1)
  4 leopard geckos
  10 orcs
  8 giant cockroaches
  4 goblins
  5 hobgoblins
  11 jackals
  A quokka (D:2)
  3 ball pythons
  5 bats
  7 frilled lizards
  8 kobolds
  7 rats
99 creatures vanquished.

Notes
Turn   | Place    | Note
-------+----------+-------------------------------------------
     0 | D:1      | McKennaii the High Elf Air Elementalist began the quest for the Orb.
     0 | D:1      | Reached XP level 1. HP: 11/11 MP: 4/4
     0 | D:1      | Noticed an ice dragon
     0 | D:1      | Noticed a tentacled monstrosity
     2 | D:1      | Noticed a black draconian
     2 | D:1      | Noticed an orb of fire
     4 | D:1      | Noticed a shadow dragon
     5 | D:1      | Noticed an orb of fire
    10 | D:1      | Noticed an orb of fire
    10 | D:1      | Noticed a red draconian
    12 | D:1      | Noticed a golden dragon
    12 | D:1      | Noticed a shadow dragon
    16 | D:1      | Noticed an orb of fire
    16 | D:1      | Noticed an iron dragon
    16 | D:1      | Noticed an orb of fire
    18 | D:1      | Noticed an orb of fire
    18 | D:1      | Noticed a tentacled monstrosity
    47 | D:1      | Reached skill level 4 in Air Magic
   152 | D:1      | Reached XP level 2. HP: 13/17 MP: 0/6
   156 | D:1      | Learned a level 2 spell: Swiftness
   159 | D:1      | Learned a level 2 spell: Repel Missiles
   619 | D:1      | Reached XP level 3. HP: 21/21 MP: 6/8
   955 | D:2      | Noticed a hand axe
   956 | D:2      | Noticed a dagger
   957 | D:2      | Found a hide-covered altar of Uskayaw.
  1114 | D:2      | Noticed Jessica
  1117 | D:2      | Killed Jessica
  1117 | D:2      | Reached XP level 4. HP: 10/27 MP: 5/9
  1154 | D:2      | Noticed Natasha
  1170 | D:2      | Killed Natasha
  1457 | D:2      | Noticed Terence
  1520 | D:1      | Killed Terence
  1520 | D:1      | Reached skill level 5 in Air Magic
  1520 | D:1      | Reached XP level 5. HP: 5/32 MP: 0/11
  1679 | D:2      | Noticed Sigmund
  2368 | D:2      | Noticed Natasha
  2371 | D:2      | Killed Natasha
  2522 | D:2      | Found a burning altar of Makhleb.
  2522 | D:2      | Found a faded altar of an unknown god.
  2533 | D:2      | Found a faded altar of an unknown god.
  2535 | D:2      | Found a faded altar of an unknown god.
  2536 | D:2      | Found a faded altar of an unknown god.
  3174 | D:3      | Noticed Gabide's ghost (amateur NaHu)
  3238 | D:3      | Reached XP level 6. HP: 35/37 MP: 7/13
  3775 | D:4      | Reached skill level 1 in Fighting
  4010 | D:4      | Reached skill level 6 in Air Magic
  4011 | D:4      | Slain by an orc priest

Skill      XL: |  1  2  3  4  5  6 |
---------------+-------------------+-----
Air Magic      | 4 5 6 |  6.0
Spellcasting   | 3 4 |  4.9
Conjurations   | 2 3 4 |  4.3
Fighting       | 1 |  1.0
Dodging        | |  2.9
Stealth        | |  2.4

Action                   |  1- 3 |  4- 6 || total
-------------------------+-------+-------++-------
Melee: Unarmed           |     5 |     2 ||     7
       Falchion          |       |     3 ||     3
 Cast: Shock             |    65 |   176 ||   241
       Repel Missiles    |     1 |       ||     1
  Use: Potion            |     4 |       ||     4
  Eat: Bread ration      |     1 |     1 ||     2
Armor: Robe              |    22 |    17 ||    39
Dodge: Dodged            |    57 |    33 ||    90
       Deflected         |       |     1 ||     1
